 Dungeon Crawl Stone Soup version 0.20-a0-33-g996f6e0 (webtiles) character file.

179 dvd the Shield-Bearer (level 5, 0/50 HPs)
             Began as a Troll Fighter on Nov 9, 2016.
             Was a Believer of Lugonu.
             Slain by an ogre
             ... wielding a +0 giant club
              (21 damage)
             ... on level 4 of the Dungeon.
             The game lasted 00:06:41 (2390 turns).

dvd the Shield-Bearer (Troll Fighter)               Turns: 2390, Time: 00:06:42

Health: 0/50       AC:  5    Str: 24    XL:     5   Next: 33%
Magic:  4/4        EV:  8    Int:  4    God:    Lugonu [**....]
Gold:   160        SH:  9    Dex: 10    Spells: 0 memorised, 4 levels left

rFire  . . .     SeeInvis .     a - +0 flail
rCold  . . .     Gourm    +     b - +0 robe
rNeg   . . .     Faith    .     c - +0 shield
rPois  .         Spirit   .     (helmet restricted)
rElec  .         Reflect  .     (no cloak)
rCorr  .         Harm     .     (gloves unavailable)
MR     .....                    (boots unavailable)
Stlth  +.........               (no amulet)
                                (no ring)
                                (no ring)

@: no status effects
A: unfitting armour, claws 3, fast metabolism 3, gourmand, regeneration 1,
shaggy fur 1, tough skin 2
a: Depart the Abyss, Bend Space, Renounce Religion


You were on level 4 of the Dungeon.
You worshipped Lugonu.
Lugonu was pleased with you.
You were completely stuffed.

You visited 1 branch of the dungeon, and saw 4 of its levels.

You collected 160 gold pieces.

Inventory:

Hand Weapons
 a - a +0 flail (weapon)
 u - a +0 mace
Missiles
 i - 6 javelins (quivered)
Armour
 b - a +0 robe (worn)
 c - a +0 shield (worn)
Wands
 n - a wand of confusion (22/48)
 o - a wand of slowing (3/48)
Scrolls
 e - 3 scrolls of fear {unknown}
 g - 9 scrolls of identify {unknown}
 h - 2 scrolls of random uselessness {unknown}
 m - 2 scrolls of remove curse {unknown}
 r - a scroll of teleportation {unknown}
 s - a scroll of enchant weapon {unknown}
 t - a scroll of noise {unknown}
 w - a scroll of enchant armour {unknown}
 x - a scroll of blinking {unknown}
Potions
 d - 2 potions of might
 j - a potion of curing {unknown}
 k - a potion of cancellation {unknown}
 l - a potion of resistance {unknown}
 p - a potion of experience {unknown}
 q - a potion of agility {unknown}
 v - a potion of berserk rage {unknown}
Comestibles
 f - 3 bread rations
 z - a chunk of flesh


   Skills:
 + Level 2.7 Fighting
 + Level 3.1 Maces & Flails
 + Level 1.0 Throwing
 + Level 3.0 Dodging
 + Level 3.4 Shields


You had 4 spell levels left.
You didn't know any spells.

Dungeon Overview and Level Annotations

Branches:
Dungeon (4/15)
 Temple: D:4-7

Altars:
Elyvilon
Nemelex Xobeh
Okawaru
Zin
Lugonu

Annotations:
D:3 1 runed door


Innate Abilities, Weirdness & Mutations

You are too large for most types of armour.
You have claws for hands.
Your metabolism is lightning-fast.
You like to eat raw meat.
Your natural rate of healing is unusually fast.
You are covered in fur. (AC +1)
You have very tough skin. (AC +2)


Message History

The ogre is heavily wounded.
You block the ogre's attack. Elyvilon blocks your attack.
The ogre barely misses you.
You sock the ogre!
The ogre is severely wounded.
The ogre closely misses you.
You sock the ogre!
Elyvilon heals the ogre.
The ogre is almost dead.
You block the ogre's attack. Elyvilon blocks your attack.
The ogre hits you with a giant club!
You barely miss the ogre.
The ogre is almost dead.
You block the ogre's attack.
You hit the ogre but do no damage.
The ogre is almost dead.
The ogre hits you with a giant club!!
You die...

#. ####....#..##
#.##....##...##
.####....#####..##
........### ##..#
#####.....##!...#
##..#..#.#.##
##..#...#.#
##.##..#.# #...@.#
###.O...#
#..........
#.##..##### .. ..#
#.# #.# .. .. .##
...


You could see an ogre.

Vanquished Creatures
  An orc wizard (D:4)
  4 gnolls (D:2)
  2 adders (D:2)
  A worm (D:3)
  A dart slug (D:1)
  A leopard gecko (D:1)
  10 orcs
  3 bats
  4 giant cockroaches
  5 goblins
  13 hobgoblins
  6 jackals (D:3)
  A quokka (D:2)
  2 ball pythons (D:2)
  4 frilled lizards
  6 kobolds
  11 rats
75 creatures vanquished.

Notes
Turn   | Place    | Note
-------+----------+-------------------------------------------
     0 | D:1      | dvd the Troll Fighter began the quest for the Orb.
     0 | D:1      | Reached XP level 1. HP: 22/22 MP: 0/0
    84 | D:1      | Found a sparkling altar of Nemelex Xobeh.
   170 | D:1      | Reached XP level 2. HP: 29/29 MP: 1/1
   825 | D:2      | Reached XP level 3. HP: 36/36 MP: 2/2
  1061 | D:2      | Reached skill level 1 in Throwing
  1190 | D:2      | Reached XP level 4. HP: 31/44 MP: 3/3
  1460 | D:2      | Found an iron altar of Okawaru.
  1460 | D:2      | Found a faded altar of an unknown god.
  1465 | D:2      | Found a faded altar of an unknown god.
  1471 | D:2      | Found a faded altar of an unknown god.
  1472 | D:2      | Found a faded altar of an unknown god.
  1491 | D:2      | Became a worshipper of Elyvilon the Healer
  1491 | D:2      | Reached * piety under Elyvilon
  1491 | D:2      | Fell from the grace of Elyvilon
  1499 | D:2      | Became a worshipper of Lugonu the Unformed
  1499 | D:2      | Reached * piety under Lugonu
  1499 | D:2      | Reached ** piety under Lugonu
  2074 | D:3      | Reached XP level 5. HP: 50/50 MP: 4/4
  2108 | D:3      | Found a runed door.
  2109 | D:3      | Found a glowing silver altar of Zin.
  2109 | D:3      | Noticed an angel
  2372 | D:4      | Noticed an ogre
  2390 | D:4      | Slain by an ogre

Vault maps used:
D:1:      minmay_arrival_cross, nemelex_xobeh_ov_fountains_minmay
D:2:      chequers_temple_overflow_minitemple, lemuel_statue_altar
D:3:      first_bread, lemuel_angel_altar
D:4:      nicolae_qazlal_eye_of_the_storm

Skill      XL: |  1  2  3  4  5 |
---------------+----------------+-----
Maces & Flails | 2 3 |  3.1
Throwing       | 1 |  1.0
Shields        | 3 |  3.4
Dodging        | 3 |  3.0
Fighting       | |  2.7

Action                   |  1- 3 |  4- 6 || total
-------------------------+-------+-------++-------
Melee: Flail             |   151 |   113 ||   264
Throw: Javelin           |    21 |    25 ||    46
Invok: Renounce Religion |       |     1 ||     1
 Stab: Sleeping          |       |     1 ||     1
  Eat: Chunk             |    17 |    12 ||    29
Armor: Robe              |    41 |    35 ||    76
Dodge: Dodged            |    51 |    44 ||    95
Block: Shield            |    88 |    71 ||   159
